 Dungeon Crawl Stone Soup version 0.10.0-32-gfa280cc character file.

97803 FlagrantFowl the Executioner (level 16, -26/199 HPs)
             Began as a Minotaur Berserker on May 1, 2012.
             Was a High Priest of Trog.
             Shot with an arrow of flame by a centaur warrior (39 damage)
             ... on Level 19 of the Dungeon on May 2, 2012.
             The game lasted 03:49:24 (26215 turns).

FlagrantFowl the Executioner (Minotaur Berserker)  Turns: 26215, Time: 03:49:24

HP -26/199       AC 18     Str 30      XL: 16   Next:  3%
MP   1/1         EV 28     Int  5      God: Trog [*****.]
Gold 587         SH 34     Dex 19      Spells:  0 memorised, 15 levels left

Res.Fire  : . . .   See Invis. : .   e - +2,+4 war axe (antimagic) {god gift}
Res.Cold  : . . .   Warding    : . . R - +2 chain mail {rPois}
Life Prot.: + . .   Conserve   : .   O - +2 shield
Res.Acid. : . . .   Res.Corr.  : .   (helmet restricted)
Res.Poison: +       Clarity    : +   Q - +0 elf cloak {MR}
Res.Elec. : .       Spirit.Shd : .   y - +2 pair of elf gloves
Sust.Abil.: . .     Stasis     : .   N - +2 pair of dwarf boots
Res.Mut.  : .       Ctrl.Telep.: .   u - amulet of clarity
Res.Rott. : .       Levitation : .   A - ring of Staef {rN+ Acc+4 Dam+4}
Saprovore : . . .   Ctrl.Flight: .   g - +2 ring of evasion

@: regenerating (expires), mighty, agile, berserking, very quick,
extraordinarily resistant to hostile enchantments, extremely unstealthy
A: retaliatory headbutt, claws 1, horns 2, clarity, -20% mp, magic resistance 1,
screaming 2, evolution 1, Dex +1
a: Burn Spellbooks, Berserk, Trog's Hand, Brothers in Arms, Renounce Religion


You were on level 19 of the Dungeon.
You worshipped Trog.
Trog was extremely pleased with you.
You were not hungry.

You visited 5 branches of the dungeon, and saw 26 of its levels.
You visited 1 portal chamber: ossuary.

You collected 2172 gold pieces.
You spent 1605 gold pieces at shops.

Inventory:

Hand weapons
 e - a +2,+4 anti-magic war axe (weapon) {god gift}
 i - a +0,+2 orcish dagger of returning (quivered)
 I - a +0,+4 hand axe of electrocution {god gift}
 U - a +0,+4 war axe of flaming {god gift}
Missiles
 h - 24 +0 darts
 q - 5 silver +0 darts
 E - 8 curare-tipped +0 needles
 F - 3 poisoned +0 darts
 G - 4 +1 darts
 J - 17 exploding +0 darts
 T - 12 +0 darts of flame
Armour
 c - a +3 leather armour of fire resistance
 y - a +2 pair of elven gloves (worn)
 N - a +2 pair of dwarven boots (worn)
 O - a +2 shield (worn)
 Q - a +0 elven cloak of magic resistance (worn)
 R - a +2 chain mail of poison resistance (worn)
Magical devices
 a - a wand of confusion (10)
 b - a wand of fire (0)
 f - a wand of heal wounds (0)
 k - a wand of digging (11) {unknown}
 l - a wand of magic darts (5)
 D - a wand of frost (10)
 H - a wand of draining (6)
 K - a wand of cold (5)
 P - a wand of confusion (6)
 W - a wand of fireball (4)
Comestibles
 s - 5 strawberries
 z - 4 honeycombs
 B - 3 bread rations
Scrolls
 m - 2 scrolls of immolation
 p - a scroll of fog
 r - 5 scrolls of remove curse
 M - a scroll of fear
 Y - a scroll of blinking
Jewellery
 g - a +2 ring of evasion (left hand)
 n - an uncursed ring of protection from fire {unknown}
 t - an uncursed ring of sustenance
 u - an amulet of clarity (around neck)
 v - an uncursed ring of see invisible
 A - the ring of Staef (right hand) {rN+ Acc+4 Dam+4}
   (You bought it in a shop on level 1 of the Orcish Mines)

   [ring of slaying]

   It affects your accuracy (+4).
   It affects your damage-dealing abilities (+4).
   It protects you from negative energy.
 C - an uncursed ring of fire
Potions
 d - a potion of agility
 j - 4 potions of curing
 w - a potion of levitation
 x - a potion of berserk rage
 S - 2 potions of invisibility
 X - a potion of brilliance


   Skills:
 - Level 10,1 Fighting
 + Level 21,2 Axes
 * Level 7,0 Throwing
 - Level 5,0 Armour
 + Level 18,1 Dodging
 * Level 16,0 Shields


You had 15 spell levels left.
You didn't know any spells.

Dungeon Overview and Level Annotations

Branches:
Dungeon (19/27)            Temple (1/1) D:6             Orc (4/4) D:8
    Elf (1/5) Orc:4          Lair (0/8) D:13          Vault (2/8) D:17
  Crypt: Vault:2-4

Altars:
Elyvilon
Kikubaaqudgha
Makhleb
Okawaru
Beogh

Shops:
D:12: * D:18: [ Orc:1: = Orc:4: [((* Vault:1: ?*[

Annotations
D:19 Saint Roka


Innate Abilities, Weirdness & Mutations

You reflexively headbutt those who attack you in melee.
You have a pair of horns on your head.
You have sharp fingernails.
You are agile (Dex +1).
You possess an exceptional clarity of mind.
Your magical capacity is very low (-20% MP).
You are resistant to hostile enchantments.
You sometimes yell uncontrollably.
You evolve.


Message History

Saint Roka is heavily wounded.
The centaur warrior shoots an arrow of flame.
The arrow of flame misses you.
You slash Saint Roka! You headbutt Saint Roka!
Saint Roka is heavily wounded.
Your skin is crawling a little less now.
You slash Saint Roka! Your headbutt misses Saint Roka.
Saint Roka is severely wounded.
You block Saint Roka's attack.
The centaur warrior shoots an arrow of flame.
The arrow of flame hits you!
* * * LOW HITPOINT WARNING * * *
You slice Saint Roka!!
You headbutt Saint Roka, but do no damage.
Saint Roka is severely wounded.
You slash Saint Roka but do no damage. You headbutt Saint Roka!!
Saint Roka is almost dead.
The centaur warrior shoots an arrow of flame.
The arrow of flame hits you!
Your scroll of identify catches fire!
You die...

....§§≈≈≈≈§§§.........
....§≈≈§≈≈≈≈≈§§....####
......≈§§≈≈≈§§§.........
......≈w≈§§§§§.......)...
......ww≈§§.§............
........##§....##........
.......8Z###.##.#..≈......
.......Co##.....#..§......
#########@..####§.§§..≈§.#
##≈#.#.###§§§§§......
#§≈≈.......§§≈§≈.≈≈≈≈
......c≈#^......≈≈≈§....
.......≈≈.......≈≈≈.....
.......§≈...............
......≈#.....#§≈ ≈.....
.....##.....≈§≈ ≈.§≈≈≈
.$.. #.###..§ .≈≈≈≈


You could see Saint Roka, a stone golem, a centaur warrior, a cyclops, 3 lava
worms and a rock troll zombie.

Vanquished Creatures
  Frances (D:17)
  Roxanne (D:14)
  Aizul (D:19)
  Wiglaf (D:16)
  Maud (D:14)
  Jozef (D:13)
  Snorg (D:17)
  A deep elf sorcerer (Elf:1)
  A great orb of eyes (shapeshifter) (Vault:1)
  3 yaktaur captains
  Erica (Orc:2)
  Harold (D:11)
  Josephine (Orc:1)
  The ghost of gabygaby the Eclecticist, a powerful SEEE of Vehumet (D:11)
  2 hydras
  2 ogre magi (Orc:4)
  12 centaur warriors
  A stone giant skeleton (Orc:2)
  Nergalle (D:16)
  A very ugly thing (D:18)
  An ice devil (Orc:2)
  5 skeletal warriors (D:16)
  An unseen horror (D:17)
  Erolcha (Orc:2)
  5 deep elf knights
  5 orc knights (D:16)
  Pikel (D:6)
  A centaur zombie (D:16)
  17 hill giants
  A wizard (D:18)
  Joseph (D:7)
  2 griffons
  A giant amoeba (Vault:1)
  The ghost of Zack the Skirmisher, an experienced DsFi of Ashenzari (D:8)
  A spiny worm (Vault:1)
  2 orc sorcerers
  5 cyclopes
  A wolf spider (D:18)
  A sixfirhy (Elf:1)
  A red wasp zombie (D:13)
  2 trapdoor spiders
  A dragon zombie (D:16)
  A griffon skeleton (D:16)
  7 yaktaurs
  26 slime creatures
  A hill giant zombie (D:12)
  2 rock trolls
  Psyche (D:13)
  26 ugly things
  Grinder (D:6)
  A komodo dragon (Vault:1)
  Sonja (D:13)
  2 efreeti
  2 rock troll zombies
  7 two-headed ogres
  A spriggan skeleton (D:9)
  16 trolls
  A rock troll skeleton (D:18)
  A vampire (D:16)
  2 basilisks
  A wraith (D:18)
  3 wyverns
  3 hippogriffs
  A blink frog skeleton (Orc:2)
  4 deep elf conjurers (Elf:1)
  Eustachio (D:4)
  11 yaks
  4 deep elf summoners (Elf:1)
  A ynoxinul (Elf:1)
  Grum (Orc:2)
  9 deep elf fighters (Elf:1)
  A chaos spawn (Elf:1)
  19 vampire mosquitoes
  3 war dogs
  A manticore (D:11)
  A rock worm (D:18)
  Menkaure (D:6)
  A mottled dragon (D:17)
  A giant slug zombie (D:17)
  A necrophage (Orc:1)
  A deep elf priest (Elf:1)
  A freezing wraith (D:19)
  4 sky beasts
  21 orc warriors
  2 phantoms
  A yellow wasp (D:13)
  5 centaurs
  21 ogres
  2 ice beasts
  4 jellies
  A troll skeleton (D:9)
  5 deep elf magi (Elf:1)
  Sigmund (D:7)
  Duvessa (D:4)
  4 wargs
  A fire crab simulacrum (D:19)
  2 big kobolds (D:10)
  7 giant frogs
  A gnoll sergeant (D:7)
  A giant slug (shapeshifter) (Vault:1)
  A basilisk zombie (D:13)
  An agate snail (D:13)
  2 centaur skeletons (D:9)
  4 killer bees (D:16)
  4 wights (D:8)
  A big kobold zombie (D:14)
  11 crimson imps
  A shadow (D:13)
  2 goliath beetles
  Dowan (D:4)
  A big fish (D:14)
  A dwarf zombie (Orc:2)
  An ogre skeleton (Orc:2)
  2 quasits
  22 orc priests
  2 scorpions
  4 hounds
  A hound skeleton (D:17)
  4 orange rats
  4 iguanas
  10 deep elf soldiers (Elf:1)
  4 worker ants
  30 orc wizards
  4 sheep (D:12)
  Ijyb (D:2)
  11 mummies (Port)
  13 adders
  5 green rats (Elf:1)
  5 gnolls
  3 lemures
  A midge (D:4)
  A scorpion zombie (D:11)
  An adder skeleton (D:5)
  4 giant centipedes
  A giant mite (D:8)
  3 shadow imps
  A white imp (D:4)
  3 worms
  13 ufetubi (Elf:1)
  2 grey rats
  3 giant eyeballs
  7 giant geckos
  A gnoll skeleton (D:6)
  An ooze (D:3)
  169 orcs
  23 bats
  12 giant cockroaches
  22 goblins
  18 hobgoblins
  12 jackals
  4 quokkas
  2 ball pythons
  A giant gecko skeleton (D:5)
  5 giant newts
  A giant spore (D:16)
  2 goblin skeletons (Port)
  2 hobgoblin skeletons (D:11)
  24 kobolds
  2 kobold skeletons (Port)
  5 orc skeletons
  4 orc zombies
  22 rats
  11 rat skeletons (Port)
  2 spectral orcs (D:16)
  2 ballistomycetes (D:16)
  A butterfly (D:16)
  2 fungi
  16 toadstools
907 creatures vanquished.

Vanquished Creatures (collateral kills)
  2 ogres (Orc:3)
  A mummy (Port)
  An adder skeleton (D:5)
  A quokka (D:5)
5 creatures vanquished.

Vanquished Creatures (others)
  2 ugly things (D:18)
  A yak (D:16)
  A deep elf conjurer (Elf:1)
  A small abomination (D:5)
  A deep elf mage (Elf:1)
  2 giant frogs
  A killer bee zombie (D:6)
  An orc priest (Orc:4)
  A hound skeleton (D:16)
  2 gnolls (D:9)
  A giant eyeball (D:14)
  7 orcs
  2 hobgoblins
  A goblin (D:6)
  A jackal (D:18)
  A kobold skeleton (Port)
  52 toadstools
78 creatures vanquished.

Grand Total: 990 creatures vanquished

Notes
Turn   | Place    | Note
--------------------------------------------------------------
     0 | D:1      | FlagrantFowl, the Minotaur Berserker, began the quest for the Orb.
     0 | D:1      | Reached XP level 1. HP: 19/19 MP: 0/0
    74 | D:1      | Reached skill level 4 in Fighting
   265 | D:1      | Reached XP level 2. HP: 27/27 MP: 0/0
   981 | D:2      | Noticed Ijyb
  1000 | D:2      | Killed Ijyb
  1000 | D:2      | Acquired Trog's second power
  1000 | D:2      | Reached XP level 3. HP: 26/33 MP: 1/1
  1588 | D:3      | Reached XP level 4. HP: 40/40 MP: 1/1
  1949 | D:3      | Reached skill level 5 in Fighting
  2528 | D:4      | Reached skill level 5 in Axes
  2528 | D:4      | Reached skill level 5 in Dodging
  2528 | D:4      | Reached XP level 5. HP: 23/47 MP: 1/1
  2652 | D:4      | Reached XP level 6. HP: 53/53 MP: 2/2
  2753 | D:4      | Noticed Eustachio
  2765 | D:4      | Killed Eustachio
  2765 | D:4      | Reached skill level 6 in Axes
  2765 | D:4      | Reached XP level 7. HP: 60/60 MP: 2/2
  2803 | D:4      | Noticed Dowan
  2804 | D:4      | Noticed Duvessa
  2819 | D:4      | Killed Dowan
  2826 | D:4      | Killed Duvessa
  3082 | D:5      | Entered Level 5 of the Dungeon
  3085 | D:5      | Paralysed by a potion of paralysis for 7 turns
  3291 | D:5      | Found a white marble altar of Elyvilon.
  3777 | D:5      | Found a sand-covered staircase. 3817
                  | ossuary
                  | Entered a tomb 4338
                  | ossuary
                  | Reached skill level 7 in Dodging
  5400 | D:5      | Reached XP level 8. HP: 68/68 MP: 2/2
  5600 | D:6      | Reached skill level 1 in Throwing
  5683 | D:6      | Found a staircase to the Ecumenical Temple.
  5693 | Temple   | Entered the Ecumenical Temple
  5762 | D:6      | Noticed Grinder
  5785 | D:6      | Killed Grinder
  5791 | D:6      | Noticed Pikel
  5808 | D:6      | Killed Pikel
  5808 | D:6      | Reached skill level 5 in Armour
  5841 | D:6      | Found an iron altar of Okawaru.
  5931 | D:6      | Noticed Menkaure
  5937 | D:6      | Killed Menkaure
  6105 | D:7      | Reached XP level 9. HP: 75/75 MP: 3/3
  6145 | D:7      | Reached skill level 8 in Axes
  6550 | D:7      | Noticed Sigmund
  6565 | D:7      | Killed Sigmund
  6565 | D:7      | Reached skill level 1 in Shields
  6661 | D:7      | Noticed Joseph
  6685 | D:7      | Killed Joseph
  6990 | D:8      | Noticed Zack's ghost (experienced DsFi)
  7028 | D:8      | Killed Zack's ghost
  7028 | D:8      | Reached skill level 9 in Dodging
  7253 | D:8      | Paralysed by a giant eyeball for 2 turns
  7263 | D:8      | Paralysed by a giant eyeball for 3 turns
  7312 | D:8      | Found a staircase to the Orcish Mines.
  7327 | D:8      | Found an ancient bone altar of Kikubaaqudgha.
  7372 | D:8      | Acquired Trog's third power
  7449 | D:8      | Reached XP level 10. HP: 68/84 MP: 3/3
  7464 | D:8      | Found a burning altar of Makhleb.
  7873 | D:8      | Reached skill level 10 in Dodging
  7925 | Orc:1    | Entered Level 1 of the Orcish Mines
  8162 | Orc:1    | Reached skill level 5 in Shields
  8359 | Orc:1    | Found Tyahouj's Jewellery Shoppe.
  8511 | Orc:1    | Reached skill level 10 in Axes
  8810 | Orc:2    | Noticed Josephine
  8845 | Orc:1    | Killed Josephine
  8845 | Orc:1    | Reached skill level 11 in Axes
  9882 | Orc:2    | Noticed Erolcha
  9891 | Orc:2    | Killed Erolcha
  9891 | Orc:2    | Reached XP level 11. HP: 77/92 MP: 3/3
 10310 | Orc:4    | Entered Level 4 of the Orcish Mines
 10367 | Orc:4    | Noticed an ogre mage
 10384 | Orc:3    | Reached skill level 12 in Axes
 10655 | Orc:4    | Killed an ogre mage
 10782 | Orc:4    | Found Broatt's Antique Armour Emporium.
 10786 | Orc:4    | Noticed a two-headed ogre
 10786 | Orc:4    | Noticed a two-headed ogre
 10787 | Orc:4    | Noticed a two-headed ogre
 10787 | Orc:4    | Noticed an ogre mage
 10787 | Orc:4    | Noticed a two-headed ogre
 10787 | Orc:4    | Noticed a rock troll
 10788 | Orc:4    | Noticed a two-headed ogre
 10788 | Orc:4    | Noticed a cyclops
 10788 | Orc:4    | Noticed a two-headed ogre
 10810 | Orc:3    | Killed a two-headed ogre
 10933 | Orc:3    | Killed a two-headed ogre
 10936 | Orc:3    | Killed a two-headed ogre
 11038 | Orc:3    | Killed a two-headed ogre
 11038 | Orc:3    | Reached skill level 13 in Axes
 11188 | Orc:3    | Killed a rock troll
 11465 | Orc:4    | Noticed a rock troll
 11476 | Orc:4    | Killed an ogre mage
 11499 | Orc:4    | Noticed a cyclops
 11506 | Orc:4    | Killed a two-headed ogre
 11530 | Orc:4    | Killed a cyclops
 11557 | Orc:4    | Reached XP level 12. HP: 55/101 MP: 4/4
 11580 | Orc:4    | Found Frou's General Store.
 11587 | Orc:4    | Found Panu's Weapon Boutique.
 11588 | Orc:4    | Found Thoihauj's Weapon Shoppe.
 11620 | Orc:4    | Killed a cyclops
 11632 | Orc:4    | Bought a meat ration for 44 gold pieces
 11643 | Orc:4    | Killed a two-headed ogre
 11643 | Orc:4    | Reached skill level 10 in Shields
 11695 | Orc:4    | Killed a rock troll
 11883 | Orc:4    | Reached skill level 14 in Axes
 11909 | Orc:4    | Found a staircase to the Elven Halls.
 12565 | Elf:1    | Entered Level 1 of the Elven Halls
 12843 | Elf:1    | Received a gift from Trog
 12844 | Elf:1    | Got a shimmering broad axe {god gift}
 12864 | Elf:1    | Identified the broad axe of Chanawonk {god gift, holy, rElec SInv} (Trog gifted it to you on level 1 of the Elven Halls)
 13124 | Elf:1    | Found a labyrinth entrance.
 13437 | Elf:1    | Reached skill level 15 in Axes
 13795 | Elf:1    | Gained mutation: You occasionally shout uncontrollably.
 14012 | Orc:2    | Found a roughly hewn altar of Beogh.
 14062 | Orc:2    | Received a gift from Trog
 14164 | Orc:2    | Noticed Erica
 14174 | Orc:2    | Killed Erica
 14395 | Orc:2    | Noticed Grum
 14418 | Orc:2    | Killed Grum
 14418 | Orc:2    | Reached skill level 10 in Fighting
 15567 | D:9      | Noticed a centaur skeleton
 15567 | D:9      | Noticed a centaur skeleton
 15571 | D:9      | Killed a centaur skeleton
 15574 | D:9      | Killed a centaur skeleton
 15579 | D:9      | Noticed a troll skeleton
 15584 | D:9      | Killed a troll skeleton
 15784 | D:10     | Entered Level 10 of the Dungeon
 15977 | D:10     | Received a gift from Trog
 16367 | Orc:1    | Bought the ring of Staef {rN+ Acc+4 Dam+4} for 1561 gold pieces
 16504 | D:11     | Noticed Harold
 16522 | D:11     | Killed Harold
 16522 | D:11     | Reached skill level 16 in Axes
 16799 | D:11     | Noticed gabygaby's ghost (powerful SEEE)
 16812 | D:11     | Killed gabygaby's ghost
 17041 | D:11     | Reached XP level 13. HP: 110/110 MP: 1/4
 17406 | D:12     | Received a gift from Trog
 17412 | D:12     | Reached skill level 15 in Dodging
 17480 | D:12     | Found Duguoly's General Store.
 17748 | D:13     | Noticed an agate snail
 17750 | D:13     | Found a staircase to the Lair.
 17791 | D:13     | Killed an agate snail
 18011 | D:13     | Noticed Sonja
 18018 | D:13     | Killed Sonja
 18082 | D:13     | Noticed Jozef
 18095 | D:13     | Killed Jozef
 18095 | D:13     | Reached skill level 17 in Axes
 18223 | D:13     | Noticed Psyche
 18230 | D:13     | Killed Psyche
 18733 | D:13     | Gained mutation: You have a pair of large horns on your head.
 18735 | D:13     | Gained mutation: You are agile (Dex +1).
 18736 | D:13     | Gained mutation: You have a slow metabolism.
 18742 | D:13     | Gained mutation: Your magical capacity is low (-10% MP).
 18743 | D:13     | Gained mutation: You are weak (Str -1).
 18745 | D:13     | Lost mutation: You are weak (Str -1).
 18764 | D:14     | Entered Level 14 of the Dungeon
 19057 | D:14     | Got a distressingly furry splint mail
 19058 | D:14     | Identified the +8 splint mail of the Echidna (You found it on level 14 of the Dungeon)
 19481 | D:14     | Noticed Roxanne
 19526 | D:14     | Killed Roxanne
 19526 | D:14     | Reached skill level 18 in Axes
 19611 | D:14     | Paralysed by a giant eyeball for 2 turns
 19692 | D:14     | Noticed Maud
 19721 | D:14     | Killed Maud
 19898 | D:14     | You fall through a shaft!
 19918 | D:17     | Noticed Frances
 19931 | D:17     | Killed Frances
 20000 | D:17     | Noticed Snorg
 20010 | D:17     | Killed Snorg
 20010 | D:17     | Reached XP level 14. HP: 92/117 MP: 1/3
 20177 | D:17     | Gained mutation: You possess an exceptional clarity of mind.
 20178 | D:17     | Gained mutation: You are resistant to hostile enchantments.
 20180 | D:17     | Lost mutation: You have a pair of large horns on your head.
 20214 | D:17     | Found a staircase to the Vaults.
 20220 | D:17     | Noticed a yaktaur captain
 20220 | D:17     | Noticed a yaktaur captain
 20243 | D:17     | Killed a yaktaur captain
 20256 | D:17     | Killed a yaktaur captain
 20339 | D:17     | Received a gift from Trog
 20660 | D:17     | Reached skill level 19 in Axes
 21068 | Vault:1  | Entered Level 1 of the Vaults
 21219 | Vault:1  | Found Klyhoyco's General Store.
 21735 | Vault:1  | Found Cian's Antique Armour Shoppe.
 21737 | Vault:1  | Found Kloacogu's Magic Scroll Emporium.
 21935 | Vault:1  | Gained mutation: Your magical capacity is very low (-20% MP).
 21936 | Vault:1  | Lost mutation: You have a slow metabolism.
 22994 | D:16     | Gained mutation: You evolve.
 22994 | D:16     | Gained mutation: You sometimes yell uncontrollably.
 23102 | D:16     | Reached XP level 15. HP: 99/124 MP: 1/4
 23168 | D:16     | Reached skill level 5 in Throwing
 23170 | D:16     | Got a dazzling war axe {antimagic}
 23171 | D:16     | Identified the +0,+4 war axe "Qyucokorch" {antimagic} (You took it off a skeletal warrior on level 16 of the Dungeon)
 23173 | D:16     | Found an iron altar of Okawaru.
 23173 | D:16     | Noticed Wiglaf
 23216 | D:16     | Killed Wiglaf
 23219 | D:16     | Reached skill level 20 in Axes
 23403 | D:16     | Noticed a yaktaur captain
 23426 | D:16     | Killed a yaktaur captain
 23696 | D:16     | Reached skill level 15 in Shields
 23807 | D:16     | Got a crystal glaive
 23981 | D:16     | Gained mutation: You have sharp fingernails.
 24005 | D:16     | Got a twisted cloak
 24009 | D:16     | Got an ichor-stained leather armour
 24024 | D:16     | Identified the -5 leather armour of Hedonism (You found it on level 16 of the Dungeon)
 24028 | D:16     | Identified the -2 cloak of the Cicada (You found it on level 16 of the Dungeon)
 24252 | D:16     | Noticed Nergalle
 24264 | D:16     | Killed Nergalle
 25078 | D:18     | Reached skill level 21 in Axes
 25081 | D:18     | Received a gift from Trog
 25107 | D:18     | Found Cesuomaa's Armour Shoppe.
 25807 | D:19     | Noticed Aizul
 25833 | D:19     | Killed Aizul
 25835 | D:19     | Reached XP level 16. HP: 71/133 MP: 1/4
 26173 | D:19     | Noticed Saint Roka
 26215 | D:19     | Shot with an arrow of flame by a centaur warrior
